 Dungeon Crawl Stone Soup version 0.30-a0-626-gd6a5dd7a1f (webtiles) character file.

Game seed: 13133127180190453968

2230 NinjaNoafa the Insei (level 9, -4/68 HPs)
             Began as a Gnoll Transmuter on Jan 11, 2023.
             Slain by an orc warrior
             ... wielding a +0 glaive
              (13 damage)
             ... on level 6 of the Dungeon.
             The game lasted 00:12:42 (7064 turns).

NinjaNoafa the Insei (Gnoll Transmuter)             Turns: 7064, Time: 00:12:42

Health: -4/68      AC:  2    Str:  9    XL:     9   Next: 36%
Magic:  28/28      EV: 19    Int: 16    God:
Gold:   285        SH:  0    Dex: 14    Spells: 17/21 levels left

rFire   . . .      SeeInvis .      - Unarmed
rCold   . . .      Faith    +    (no shield)
rNeg    . . .      Spirit   .    a - +0 robe
rPois   .          Reflect  .    (helmet currently unavailable)
rElec   .          Harm     .    f - scarf {+Inv}
rCorr   .          Rampage  .    (no gloves)
Will    .....                    (boots currently unavailable)
Stlth   +++                      l - amulet of faith
HPRegen 0.31/turn                d - +5 ring of evasion
MPRegen 0.21/turn                j - ring of magical power

@: appendages, wereblooded (expiring)
A: horns 2, talons 2, fangs 1, strong nose, distributed training
a: End Transformation, Evoke Invisibility


You were on level 6 of the Dungeon.
You had temporarily grown beastly horns and talons.
You visited 1 branch of the dungeon, and saw 6 of its levels.
You also visited: Sewer.

You collected 285 gold pieces.

Inventory:

Missiles
 k - 2 poisoned darts
 F - 8 boomerangs (quivered)
 G - 5 javelins
 L - 2 silver boomerangs
Armour
 a - a +0 robe (worn)
 f - a scarf of invisibility (worn)
 v - a +0 pair of boots (melded)
 w - a +0 helmet (melded)
 D - a +0 cloak
Jewellery
 b - a +4 ring of protection
 d - a +5 ring of evasion (left hand)
 j - a ring of magical power (right hand)
 l - an amulet of faith (around neck)
 n - a ring of poison resistance
 E - a ring of resist corrosion
Wands
 C - a wand of light (7)
 H - a wand of paralysis (6)
Scrolls
 g - 3 scrolls of fear {unknown}
 h - 3 scrolls of vulnerability {unknown}
 i - 4 scrolls of teleportation {unknown}
 o - 2 scrolls of enchant weapon {unknown}
 p - 3 scrolls of magic mapping {unknown}
 q - 5 scrolls of identify {unknown}
 s - a scroll of immolation {unknown}
 t - a scroll of poison {unknown}
 u - a scroll of noise {unknown}
 x - 5 scrolls of fog {unknown}
 y - 2 scrolls of butterflies {unknown}
 I - a scroll of enchant armour {unknown}
 M - a scroll of silence {unknown}
Potions
 c - 2 potions of curing
 e - a potion of attraction
 m - 2 potions of degeneration
 r - 3 potions of heal wounds
 z - a potion of invisibility {unknown}
 A - a potion of might {unknown}
 B - 2 potions of mutation {unknown}
 J - a potion of flight {unknown}
 K - a potion of brilliance {unknown}


   Skills:
 + Level 5.1 Fighting
 + Level 4.3 Short Blades
 + Level 4.3 Long Blades
 + Level 4.3 Axes
 + Level 4.3 Maces & Flails
 + Level 4.3 Polearms
 + Level 4.3 Staves
 + Level 4.3 Ranged Weapons
 + Level 4.3 Throwing
 + Level 4.3 Armour
 + Level 6.4 Dodging
 + Level 4.3 Stealth
 + Level 4.3 Shields
 + Level 7.9 Unarmed Combat
 + Level 6.7 Spellcasting
 + Level 3.5 Conjurations
 + Level 3.5 Hexes
 + Level 3.5 Summonings
 + Level 3.5 Necromancy
 + Level 3.5 Translocations
 + Level 5.3 Transmutations
 + Level 3.5 Fire Magic
 + Level 3.5 Ice Magic
 + Level 3.5 Air Magic
 + Level 3.5 Earth Magic
 + Level 3.5 Poison Magic
 + Level 4.8 Invocations
 + Level 4.3 Evocations


You had 17 spell levels left.
You knew the following spells:

 Your Spells              Type           Power      Damage    Failure   Level
a - Beastly Appendage     Tmut           44%        N/A       1%          1
b - Wereblood             Tmut           22%        N/A       2%          2
c - Sting                 Tmut/Pois      76%        1d6       1%          1

Your spell library contained the following spells:

 Spells                   Type           Power      Damage    Failure   Level
 Freeze                   Ice            64%        1d7       3%          1
 Slow                     Hex            64%        N/A       3%          1
 Poisonous Vapours        Pois/Air       32%        N/A       4%          2
 Spider Form              Tmut/Pois      19%        N/A       6%          3
 Confusing Touch          Hex            16%        N/A       9%          3
 Frozen Ramparts          Ice            32%        1d5       9%          3
 Hailstorm                Conj/Ice       16%        3d6       9%          3
 Vampiric Draining        Necr           16%        2d7       9%          3
 Vhi's Electric Charge    Tloc/Air       32%        N/A       9%          3
 Ice Form                 Ice/Tmut       19%        N/A       21%         4
 Olgreb's Toxic Radiance  Pois           16%        N/A       28%         4
 Arcjolt                  Conj/Air       8%         1d18      63%         5
 Maxwell's Capacitive Co  Air            8%         ∞         100%        8


Dungeon Overview and Level Annotations

Branches:
Dungeon (6/15)              Sewer (visited)
 Temple: D:4-7

Altars:
Ashenzari
Dithmenos
Uskayaw
Xom
The Shining One

Shops:
D:2 *


Innate Abilities, Weirdness & Mutations

You have temporarily grown beastly horns and talons.
You have very sharp teeth.
Your uncanny sense of smell can sniff out nearby items.
Your experience applies equally to all skills.


Message History

The iguana barely misses you.
You barely miss the iguana. You claw the iguana.
Your headbutt misses the iguana. Your bite misses the iguana.
The iguana is heavily wounded.
You hit the iguana. You claw the iguana. You headbutt the iguana.
The iguana is almost dead.
The iguana misses you.
You punch the iguana!
You feel a bit better.
You kill the iguana!
The orc warrior shoots a bolt.
The bolt completely misses you.
The orc warrior unwields a +0 arbalest.
The orc warrior wields a +0 glaive.
The orc warrior barely misses you.
There is an open door, spattered with blood here.
You see here a hound corpse.
You hit the orc warrior. Your kick misses the orc warrior.
Your headbutt misses the orc warrior. You bite the orc warrior.
The orc warrior is moderately wounded.
The orc warrior misses you.
You hit the orc warrior but do no damage.
You claw the orc warrior, but do no damage.
Your bite misses the orc warrior.
The orc warrior is moderately wounded.
You hit the orc warrior.
The orc warrior is heavily wounded.
The orc warrior hits you with a +0 glaive!
You hit the orc warrior.
The orc warrior is heavily wounded.
Your primal bloodlust is almost over.
The orc warrior hits you with a +0 glaive!
You closely miss the orc warrior. Your kick misses the orc warrior.
You bite the orc warrior, but do no damage.
The orc warrior is heavily wounded.
The orc warrior hits you with a +0 glaive!
* * * LOW HITPOINT WARNING * * *
You completely miss the orc warrior. Your kick misses the orc warrior.
You headbutt the orc warrior.
You bite the orc warrior, but do no damage.
The orc warrior is severely wounded.
The orc warrior hits you with a +0 glaive!
You die...

##.# #.# #.. ... #.# ##### #.# ##
# ###########.####...#######.# .
# .....[...........#.......#.#.#
.#
.).###...###############...#.##.#
##..#..###...## ##...##.....#.#
##...###....)#####.....#..##...#
##### #.....).........#.......#
#.....##@##.....#.......#
##...##.o.##...##.##....#
##.##.....##.###.##....#
#.#.......#.# #.##.....
#.#...[...#.# #. ######
#.#.......#.# #. #
##.##.....##.###.#######
#...##...##...##.#......
.....#####.....#.#.#####


You could see an orc warrior.

Vanquished Creatures
  Grinder (D:5)
  A water moccasin (D:6)
  An ice beast (D:6)
  2 black bears
  Pargi (D:3)
  A centaur (D:6)
  2 ogres (D:4)
  2 phantoms
  A gnoll sergeant (D:5)
  3 scorpions
  A howler monkey (D:6)
  3 orc priests
  5 hounds
  4 jellies
  5 iguanas
  2 orc wizards (D:6)
  Robin (D:3)
  4 gnolls (D:5)
  14 adders
  2 river rats
  A shadow imp (D:6)
  An ufetubus (D:6)
  A worm (D:4)
  3 dart slugs
  16 orcs
  9 ball pythons
  2 bats (D:1)
  13 endoplasms
  4 giant cockroaches
  25 goblins
  7 hobgoblins
  5 jackals
  5 quokkas
  11 frilled lizards
  9 kobolds
  10 rats
178 creatures vanquished.

Vanquished Creatures (others)
  6 plants (D:3)
6 creatures vanquished.

Grand Total: 184 creatures vanquished

Notes
Turn   | Place    | Note
-------+----------+-------------------------------------------
     0 | D:1      | NinjaNoafa the Gnoll Transmuter began the quest for the
                  | Orb.
     0 | D:1      | Reached XP level 1. HP: 17/17 MP: 6/6
   110 | D:1      | Reached XP level 2. HP: 23/23 MP: 7/7
   373 | D:1      | Reached skill level 5 in Spellcasting
   373 | D:1      | Reached XP level 3. HP: 28/28 MP: 7/9
   455 | D:1      | Found a faded altar of an unknown god.
   650 | D:2      | Learned a level 2 spell: Wereblood
   726 | D:2      | Reached skill level 1 in Invocations
   732 | D:2      | Found a shimmering altar of Xom.
   838 | D:2      | Found Luxar's Assorted Antiques.
  1012 | D:2      | Reached skill level 1 in Short Blades
  1012 | D:2      | Reached skill level 1 in Long Blades
  1012 | D:2      | Reached skill level 1 in Axes
  1012 | D:2      | Reached skill level 1 in Maces & Flails
  1012 | D:2      | Reached skill level 1 in Polearms
  1012 | D:2      | Reached skill level 1 in Staves
  1012 | D:2      | Reached skill level 1 in Ranged Weapons
  1012 | D:2      | Reached skill level 1 in Throwing
  1012 | D:2      | Reached skill level 1 in Armour
  1012 | D:2      | Reached skill level 1 in Stealth
  1012 | D:2      | Reached skill level 1 in Shields
  1012 | D:2      | Reached skill level 1 in Evocations
  1303 | D:3      | Reached XP level 4. HP: 31/34 MP: 9/11
  1384 | D:3      | Found a shimmering altar of Xom.
  1450 | D:3      | Found a hide-covered altar of Uskayaw.
  1511 | D:3      | Noticed Pargi
  1530 | D:3      | Killed Pargi
  1531 | D:3      | Reached skill level 1 in Conjurations
  1531 | D:3      | Reached skill level 1 in Hexes
  1531 | D:3      | Reached skill level 1 in Summonings
  1531 | D:3      | Reached skill level 1 in Necromancy
  1531 | D:3      | Reached skill level 1 in Translocations
  1531 | D:3      | Reached skill level 1 in Fire Magic
  1531 | D:3      | Reached skill level 1 in Ice Magic
  1531 | D:3      | Reached skill level 1 in Air Magic
  1531 | D:3      | Reached skill level 1 in Earth Magic
  1531 | D:3      | Reached skill level 1 in Poison Magic
  1531 | D:3      | Reached XP level 5. HP: 32/41 MP: 9/12
  2116 | D:3      | Noticed Robin
  2202 | D:3      | Killed Robin
  2495 | D:4      | Learned a level 1 spell: Sting
  2570 | D:4      | Reached XP level 6. HP: 47/47 MP: 10/13
  2652 | D:4      | Reached skill level 5 in Dodging
  2793 | D:4      | Found a glowing drain.
  2829 | Sewer    | Entered a sewer
  3380 | D:4      | Reached XP level 7. HP: 52/52 MP: 15/15
  3484 | D:4      | Noticed Grinder
  3486 | D:4      | Paralysed by Grinder for 2 turns
  3488 | D:4      | Reached skill level 7 in Unarmed Combat
  3494 | D:5      | Entered Level 5 of the Dungeon
  3508 | D:5      | Killed Grinder
  3960 | D:4      | Reached XP level 8. HP: 60/60 MP: 16/16
  5945 | D:6      | Found a broken altar of Ashenzari.
  5963 | D:6      | Found a glowing golden altar of the Shining One.
  6037 | D:6      | Reached skill level 5 in Transmutations
  6224 | D:6      | Reached XP level 9. HP: 15/66 MP: 18/18
  6435 | D:6      | Found a shadowy altar of Dithmenos.
  6937 | D:6      | Reached skill level 5 in Fighting
  7064 | D:6      | Slain by an orc warrior

Illustrated notes

Levels and vault maps discovered:
D:1:      grunt_arrival_crossed_arrows, layout_basic,
          chequers_ecumenical_altar_simple, chequers_serial_rivers_micro_c,
          minmay_pentomino_p2
D:2:      layout_basic, serial_shops, nicolae_square_shop, basic_altar,
          serial_park_tiny_1, grunt_decor_cap, kennysheep_generic_room_12
D:3:      kennysheep_goblin_castle, layout_basic, mainiacjoe_overflow_paths,
          mainiacjoe_overflow_catwalk, serial_bayou_ford_a,
          hangedman_decor_diamond_cutter, chequers_garden, uniq_pargi
D:4:      layout_rooms, portal_sewer_entry_c, minmay_ruptured, uniq_grinder
D:5:      layout_layer_cave, minivault_19, kennysheep_cross_room
D:6:      minmay_octagon_keep, layout_basic, nicolae_dithmenos_shadow_blocks,
          nicolae_ashenzari_skybound, tso_oasis_becter,
          minmay_increasing_density

Skill      XL: |  1  2  3  4  5  6  7  8  9 |
---------------+----------------------------+-----
Spellcasting   | 5 6 |  6.7
Invocations    | 1 2 3 4 |  4.8
Short Blades   | 1 2 3 4 |  4.3
Long Blades    | 1 2 3 4 |  4.3
Axes           | 1 2 3 4 |  4.3
Maces & Flails | 1 2 3 4 |  4.3
Polearms       | 1 2 3 4 |  4.3
Staves         | 1 2 3 4 |  4.3
Ranged Weapons | 1 2 3 4 |  4.3
Throwing       | 1 2 3 4 |  4.3
Armour         | 1 2 3 4 |  4.3
Stealth        | 1 2 3 4 |  4.3
Shields        | 1 2 3 4 |  4.3
Evocations     | 1 2 3 4 |  4.3
Fighting       | 3 4 5 |  5.1
Conjurations   | 1 2 3 |  3.5
Hexes          | 1 2 3 |  3.5
Summonings     | 1 2 3 |  3.5
Necromancy     | 1 2 3 |  3.5
Translocations | 1 2 3 |  3.5
Transmutations | 4 5 |  5.3
Fire Magic     | 1 2 3 |  3.5
Ice Magic      | 1 2 3 |  3.5
Air Magic      | 1 2 3 |  3.5
Earth Magic    | 1 2 3 |  3.5
Poison Magic   | 1 2 3 |  3.5
Dodging        | 5 6 |  6.4
Unarmed Combat | 7 |  7.9

Action                   |  1- 3 |  4- 6 |  7- 9 || total
-------------------------+-------+-------+-------++-------
Melee: Unarmed           |    91 |   167 |   195 ||   453
       Kick              |    21 |    14 |    46 ||    81
       Bite              |     9 |     8 |    25 ||    42
       Headbutt          |    12 |    17 |    27 ||    56
       Punch             |     1 |       |    12 ||    13
Throw: Boomerang         |       |       |    15 ||    15
       Javelin           |       |       |     6 ||     6
       Dart              |       |       |     1 ||     1
 Cast: Beastly Appendage |    21 |    27 |    32 ||    80
       Wereblood         |     3 |    18 |    13 ||    34
       Sting             |       |    30 |    51 ||    81
Evoke: Wand              |       |       |     1 ||     1
  Use: Potion            |       |     1 |     8 ||     9
 Stab: Sleeping          |       |     1 |       ||     1
       Invisible         |       |       |     3 ||     3
Armor: Robe              |    10 |    20 |    15 ||    45
       Skin              |       |       |    23 ||    23
Dodge: Dodged            |    57 |   182 |   210 ||   449

Table legend: (Time is in decaauts)
 A = Elapsed time spent in this place.
 B = Non-inter-level travel time spent in this place.
 C = Inter-level travel time spent in this place.
 D = Time resting spent in this place.
 E = Time spent auto-exploring this place.
 F = Levels seen in this place.
 G = Mean time per level.
                   A        B        C        D        E       F      G
               +--------+--------+--------+--------+--------+-----+--------+
         Total |   7061 |   6899 |    162 |     56 |   5462 |   7 | 1008.7 |
       Dungeon |   6609 |   6447 |    162 |     56 |   5174 |   6 | 1101.5 |
         Sewer |    452 |    452 |      0 |      0 |    288 |   1 |  452.0 |
               +--------+--------+--------+--------+--------+-----+--------+

Top non-repeatable levels by time:
     D:5: 1954 daAuts
     D:3: 1266 daAuts
     D:6: 1189 daAuts
     D:4: 984 daAuts
     D:2: 678 daAuts
     D:1: 534 daAuts
   Sewer: 452 daAuts
